 Dungeon Crawl Stone Soup version 0.27-a0-343-gfcad680f63 (webtiles) character file.

Game seed: 11891135946314087606

1093 jestyr24 the Shield-Bearer (level 8, 65/65 HPs)
             Began as a Gnoll Fighter on Feb 14, 2021.
             Was a Follower of Ru.
             Quit the game on level 6 of the Dungeon.
             The game lasted 00:24:21 (5226 turns).

jestyr24 the Shield-Bearer (Gnoll Fighter)          Turns: 5226, Time: 00:24:21

Health: 65/65      AC: 16    Str: 15    XL:     8   Next: 31%
Magic:  12/12      EV:  9    Int:  6    God:    Ru [*.....]
Gold:   149        SH: 10    Dex: 13    Spells: 12/12 levels left

rFire    + . .     SeeInvis .   A - +2 spear (vorpal)
rCold    . . .     Faith    .   c - +0 kite shield
rNeg     . . .     Spirit   .   C - +2 scale mail of Egree {rPois rF+ rCorr Int-3}
rPois    +         Reflect  .   j - +0 helmet
rElec    .         Harm     .   (no cloak)
rCorr    +         Rampage  .   i - +0 pair of gloves
Will     .....                  (no boots)
Stlth    +.........             (no amulet)
HPRegen  0.20/turn              t - +4 ring of protection
MPRegen  0.13/turn              (no ring)

@: no status effects
A: distributed training, fangs 1, unskilled 1, strong nose
a: Renounce Religion, Sacrifice Resistance, Sacrifice Arcana, Sacrifice a Hand,
Reject Sacrifices


You were on level 6 of the Dungeon.
You worshipped Ru.
Ru was aware of your devotion.
You visited 1 branch of the dungeon, and saw 6 of its levels.
You also visited: Sewer.

You collected 392 gold pieces.
You spent 243 gold pieces at shops.

Inventory:

Hand Weapons
 a - a +0 trident
 v - a +0 mace
 A - a +2 vorpal spear (weapon)
 G - a +0 shortbow
Missiles
 g - 252 stones
 m - 4 boomerangs
 s - 36 sling bullets
 y - 11 poisoned darts (quivered)
 H - 18 arrows
Armour
 b - a +0 scale mail
 c - a +0 kite shield (worn)
 i - a +0 pair of gloves (worn)
 j - a +0 helmet (worn)
 C - the +2 scale mail of Egree (worn) {rPois rF+ rCorr Int-3}
   (You bought it in a shop on level 5 of the Dungeon)

   It affects your intelligence (-3).
   It protects you from fire.
   It protects you from poison.
   It provides partial protection from all sources of acid and corrosion.
Jewellery
 t - a +4 ring of protection (left hand)
Wands
 w - a wand of paralysis (12)
 E - a wand of random effects (25)
Scrolls
 e - 2 scrolls of fear {unknown}
 o - 5 scrolls of teleportation {unknown}
 p - 2 scrolls of fog {unknown}
 q - 6 scrolls of identify {unknown}
 r - 3 scrolls of blinking {unknown}
 D - 2 scrolls of enchant armour {unknown}
 I - 2 scrolls of enchant weapon {unknown}
Potions
 d - 2 potions of might
 f - 5 potions of curing {unknown}
 h - 6 potions of flight {unknown}
 k - 3 potions of brilliance {unknown}
 l - 2 potions of heal wounds {unknown}
 n - 2 potions of lignification {unknown}
 u - 2 potions of magic {unknown}
 x - a potion of invisibility {unknown}
 z - 2 potions of cancellation {unknown}
 B - a potion of haste {unknown}
 F - a potion of degeneration {unknown}
 J - a potion of resistance {unknown}


   Skills:
 + Level 6.7 Fighting
 + Level 2.8 Short Blades
 + Level 2.8 Long Blades
 + Level 2.8 Axes
 + Level 2.8 Maces & Flails
 + Level 5.1 Polearms
 + Level 2.8 Staves
 + Level 2.8 Slings
 + Level 2.8 Bows
 + Level 2.8 Crossbows
 + Level 2.8 Throwing
 + Level 6.7 Armour
 + Level 2.8 Dodging
 + Level 2.8 Stealth
 + Level 6.7 Shields
 + Level 2.8 Unarmed Combat
 + Level 2.8 Spellcasting
 + Level 2.3 Conjurations
 + Level 2.3 Hexes
 + Level 2.3 Summonings
 + Level 2.3 Necromancy
 + Level 2.3 Translocations
 + Level 2.3 Transmutations
 + Level 2.3 Fire Magic
 + Level 2.3 Ice Magic
 + Level 2.3 Air Magic
 + Level 2.3 Earth Magic
 + Level 2.3 Poison Magic
 + Level 3.1 Invocations
 + Level 2.8 Evocations


You had 12 spell levels left.
You didn't know any spells.
Your spell library contained the following spells:

 Spells                   Type           Power        Failure   Level
 Summon Small Mammal      Summ           12%          82%         1
 Call Imp                 Summ           3%           91%         2
 Call Canine Familiar     Summ           3%           99%         3
 Summon Guardian Golem    Hex/Summ       3%           99%         3
 Summon Ice Beast         Ice/Summ       3%           100%        4
 Summon Lightning Spire   Summ/Air       3%           100%        4


Dungeon Overview and Level Annotations

Branches:
Dungeon (6/15)              Sewer (visited)
 Temple: D:4-7

Altars:
Ru
Uskayaw

Shops:
D:5 *[?


Innate Abilities, Weirdness & Mutations

Your experience applies equally to all skills.
You have very sharp teeth.
You are somewhat unskilled. (-1 Apt)
Your uncanny sense of smell can sniff out nearby items.


Message History

You climb downwards.
There is a stone staircase leading up here.
You open the door.
Found a fizzy inky potion.
There is an open door here.
Found a scroll labelled ONNUXAORAU.
z - 2 fizzy inky potions (gained 1)
An adder comes into view.
The adder hisses angrily.
Reach: A) +2 spear (vorpal)
Press: ? - help, Dir - move target, f - adder
Aim: an adder (about 48% to evade your +2 vorpal spear)
You reach to attack!
You puncture the adder!
The adder is severely wounded.
The adder bites you.
You are poisoned.
The adder poisons you!
You hit the adder.
The adder is almost dead.
You feel sick. You block the adder's attack.
You closely miss the adder.
The adder is almost dead.
You block the adder's attack.
You puncture the adder!
You kill the adder!
You feel sick.
You feel sick.
You feel sick.
You feel sick.
You are no longer poisoned.
HP restored.
q - 6 scrolls labelled ONNUXAORAU (gained 1)
You open the door.
There is an open door here.
You open the door.
There is an open door here.
Ru believes you are ready to make a new sacrifice.
Okay, then.
Okay, then.
Are you sure you want to abandon this character and quit the game? (Confirm with "yes".)

#........
#.......##########
#.......#...#....#
#.......#...#....#
#.......#...'....#
#.......+...#@...#
#.......#...#....#
####.......#...##...#
...#.......#...# ...#
...#.......#...# ...#
..<'.......#...# ...#
...#.......#...# ...#
...#.......#...# ...#
...#.......#...#


There were no monsters in sight!

Vanquished Creatures
  2 ice beasts (D:5)
  An ogre (D:5)
  A centaur (D:5)
  2 phantoms
  A bullfrog (D:5)
  Blork the orc (D:4)
  A centaur zombie (D:5)
  An orc priest (D:4)
  A bullfrog skeleton (D:5)
  A centaur skeleton (D:5)
  Terence (D:2)
  Ijyb (D:5)
  A worker ant (D:5)
  Robin (D:2)
  2 gnolls (D:4)
  13 adders
  3 river rats (D:3)
  A white imp (D:5)
  An ufetubus (D:5)
  4 worms (D:3)
  A dart slug (D:1)
  3 leopard geckos
  8 orcs
  6 bats
  A giant cockroach (D:2)
  14 goblins
  6 hobgoblins
  14 jackals
  3 quokkas
  5 ball pythons (Sewer)
  4 frilled lizards
  16 kobolds
  A quokka skeleton (D:5)
  A quokka zombie (D:5)
  7 rats
130 creatures vanquished.

Vanquished Creatures (others)
  A gnoll (D:4)
  A worm (D:3)
  27 plants (Sewer)
29 creatures vanquished.

Grand Total: 159 creatures vanquished

Notes
Turn   | Place    | Note
-------+----------+-------------------------------------------
     0 | D:1      | jestyr24 the Gnoll Fighter began the quest for the Orb.
     0 | D:1      | Reached XP level 1. HP: 23/23 MP: 1/1
   311 | D:1      | Reached XP level 2. HP: 29/29 MP: 2/2
   635 | D:2      | Noticed Terence
   648 | D:2      | Killed Terence
   649 | D:2      | Reached skill level 1 in Invocations
   649 | D:2      | Reached XP level 3. HP: 35/35 MP: 2/4
   664 | D:2      | Reached skill level 1 in Short Blades
   664 | D:2      | Reached skill level 1 in Long Blades
   664 | D:2      | Reached skill level 1 in Axes
   664 | D:2      | Reached skill level 1 in Maces & Flails
   664 | D:2      | Reached skill level 1 in Staves
   664 | D:2      | Reached skill level 1 in Slings
   664 | D:2      | Reached skill level 1 in Bows
   664 | D:2      | Reached skill level 1 in Crossbows
   664 | D:2      | Reached skill level 1 in Throwing
   664 | D:2      | Reached skill level 1 in Dodging
   664 | D:2      | Reached skill level 1 in Stealth
   664 | D:2      | Reached skill level 1 in Unarmed Combat
   664 | D:2      | Reached skill level 1 in Spellcasting
   664 | D:2      | Reached skill level 1 in Evocations
   771 | D:2      | Reached XP level 4. HP: 41/41 MP: 5/5
   779 | D:2      | Found a sacrificial altar of Ru.
   824 | D:2      | Became a worshipper of Ru the Awakened
   857 | D:2      | Noticed Robin
   882 | D:2      | Killed Robin
  1067 | D:2      | Reached skill level 1 in Conjurations
  1067 | D:2      | Reached skill level 1 in Hexes
  1067 | D:2      | Reached skill level 1 in Summonings
  1067 | D:2      | Reached skill level 1 in Necromancy
  1067 | D:2      | Reached skill level 1 in Translocations
  1067 | D:2      | Reached skill level 1 in Transmutations
  1067 | D:2      | Reached skill level 1 in Fire Magic
  1067 | D:2      | Reached skill level 1 in Ice Magic
  1067 | D:2      | Reached skill level 1 in Air Magic
  1067 | D:2      | Reached skill level 1 in Earth Magic
  1067 | D:2      | Reached skill level 1 in Poison Magic
  1435 | D:2      | Reached XP level 5. HP: 47/47 MP: 6/6
  2040 | D:3      | Found a glowing drain.
  2047 | Sewer    | Entered a sewer
  2137 | Sewer    | Gained mutation: You are somewhat unskilled. (-1 Apt) [Ru
                  | sacrifice]
  2137 | Sewer    | Reached * piety under Ru
  2436 | Sewer    | Reached XP level 6. HP: 52/52 MP: 8/8
  3674 | D:4      | Noticed Blork the orc
  3688 | D:4      | Killed Blork the orc
  4161 | D:5      | Entered Level 5 of the Dungeon
  4172 | D:4      | Reached XP level 7. HP: 59/59 MP: 10/10
  4258 | D:5      | Found Bayfunai's Antique Armour Boutique.
  4259 | D:5      | Found Sakhlyoh's Magic Scroll Boutique.
  4269 | D:5      | Bought a brightly glowing scale mail for 243 gold pieces
  4279 | D:5      | Identified the +2 scale mail of Egree {rPois rF+ rCorr
                  | Int-3} (You bought it in a shop on level 5 of the Dungeon)
  4330 | D:5      | Noticed Ijyb
  4356 | D:5      | Killed Ijyb
  4549 | D:5      | Noticed a +0 hand axe
  4550 | D:5      | Noticed a +0 hand axe
  4563 | D:5      | Found a hide-covered altar of Uskayaw.
  4586 | D:5      | Reached skill level 5 in Polearms
  4586 | D:5      | Reached XP level 8. HP: 58/65 MP: 11/11
  4650 | D:5      | Found Tympu's General Store.
  5226 | D:6      | Quit the game

Illustrated notes

Levels and vault maps discovered:
D:1:      dpeg_arrival_houses_and_road, layout_basic
D:2:      kennysheep_six_static_rooms, layout_rooms, lemuel_crystal_altar,
          kennysheep_generic_room_6, uniq_terence, uniq_robin
D:3:      layout_loops_ring, lightli_sewer_entry_pipes
D:4:      kb_forest_paths, layout_layer_cave, uniq_blork_the_orc
D:5:      layout_rooms, dancing_weapons_uskayaw, serial_shops, shop, shop,
          nicolae_shop_trees, uniq_ijyb
D:6:      layout_gridville

Skill      XL: |  1  2  3  4  5  6  7  8 |
---------------+-------------------------+-----
Invocations    | 1 2 3 |  3.1
Short Blades   | 1 2 |  2.8
Long Blades    | 1 2 |  2.8
Axes           | 1 2 |  2.8
Maces & Flails | 1 2 |  2.8
Staves         | 1 2 |  2.8
Slings         | 1 2 |  2.8
Bows           | 1 2 |  2.8
Crossbows      | 1 2 |  2.8
Throwing       | 1 2 |  2.8
Dodging        | 1 2 |  2.8
Stealth        | 1 2 |  2.8
Unarmed Combat | 1 2 |  2.8
Spellcasting   | 1 2 |  2.8
Evocations     | 1 2 |  2.8
Conjurations   | 1 2 |  2.3
Hexes          | 1 2 |  2.3
Summonings     | 1 2 |  2.3
Necromancy     | 1 2 |  2.3
Translocations | 1 2 |  2.3
Transmutations | 1 2 |  2.3
Fire Magic     | 1 2 |  2.3
Ice Magic      | 1 2 |  2.3
Air Magic      | 1 2 |  2.3
Earth Magic    | 1 2 |  2.3
Poison Magic   | 1 2 |  2.3
Polearms       | 5 |  5.1
Fighting       | |  6.7
Armour         | |  6.7
Shields        | |  6.7

Action                   |  1- 3 |  4- 6 |  7- 9 || total
-------------------------+-------+-------+-------++-------
Melee: Trident           |    72 |   444 |       ||   516
       Bite              |     3 |    32 |    20 ||    55
       Spear             |       |     6 |   157 ||   163
Throw: Stone             |     9 |     4 |       ||    13
       Dart              |       |     9 |    10 ||    19
Invok: Sacrifice Skill   |       |     1 |       ||     1
 Stab: Distracted        |       |     1 |       ||     1
Armor: Scale mail        |    38 |   169 |    56 ||   263
Dodge: Dodged            |    15 |   129 |    37 ||   181
Block: Kite shield       |    52 |   226 |    55 ||   333

Table legend: (Time is in decaauts)
 A = Elapsed time spent in this place.
 B = Non-inter-level travel time spent in this place.
 C = Inter-level travel time spent in this place.
 D = Time resting spent in this place.
 E = Time spent auto-exploring this place.
 F = Levels seen in this place.
 G = Mean time per level.
                   A        B        C        D        E       F      G
               +--------+--------+--------+--------+--------+-----+--------+
         Total |   5564 |   5367 |    197 |    337 |   2887 |   7 |  794.9 |
       Dungeon |   4760 |   4563 |    197 |    337 |   2564 |   6 |  793.3 |
         Sewer |    804 |    804 |      0 |      0 |    322 |   1 |  804.0 |
               +--------+--------+--------+--------+--------+-----+--------+

Top non-repeatable levels by time:
     D:3: 1107 daAuts
     D:2: 1088 daAuts
     D:4: 928 daAuts
     D:5: 925 daAuts
   Sewer: 804 daAuts
     D:1: 646 daAuts
     D:6: 62 daAuts
